 Dungeon Crawl Stone Soup version 0.31-a0-190-g4feb4907b2 (webtiles) character file.

Game seed: 1620598547395180145

192 qw the Skirmisher (level 5, -3/29 HPs)
             Began as a Deep Elf Hunter on June 23, 2023.
             Slain by Blork the orc
             ... wielding a +5 mace of protection
              (5 damage)
             ... on level 3 of the Dungeon.
             The game lasted 00:00:59 (2194 turns).

qw the Skirmisher (Deep Elf Hunter)                 Turns: 2194, Time: 00:01:00

Health: -3/29      AC:  7    Str:  8 (10) XL:     5   Next: 42%
Magic:  7/7        EV: 12    Int: 13 (14) God:
Gold:   194        SH:  0    Dex: 17 (18) Spells: 4/4 levels left

rFire   + . .        Y - +1 shortbow
rCold   . . .        (shield currently unavailable)
rNeg    . . .        h - +3 leather armour
rPois   .            n - +0 helmet
rElec   .            (no cloak)
rCorr   .            (no gloves)
SInv    .            (no boots)
Will    .....        e - amulet of regeneration
Stlth   ++           i - ring of protection from fire
HPRegen 1.04/turn    (no ring)
MPRegen 0.10/turn

%: no passive effects
@: no status effects
A: no striking features
a: no special abilities


You were on level 3 of the Dungeon.
You visited 1 branch of the dungeon, and saw 4 of its levels.

You collected 194 gold pieces.


   Skills:
 + Level 1.5 Fighting
 - Level 9.0 Ranged Weapons
 - Level 2.4 Dodging
 - Level 1.2 Stealth


You had 4 spell levels left.
You didn't know any spells.
Your spell library was empty.

Inventory:

Hand Weapons
 Y - a +1 shortbow (weapon)
Armour
 h - a +3 leather armour (worn)
 n - a +0 helmet (worn)
Jewellery
 e - an amulet of regeneration (around neck)
 i - a ring of protection from fire (left hand)
Wands
 f - a wand of digging (4)
Scrolls
 j - a scroll of identify
Potions
 d - 4 potions of curing
 g - a potion of haste
 k - a potion of berserk rage {unknown}
 m - a potion of ambrosia {unknown}

Dungeon Overview and Level Annotations

Branches:
Dungeon (4/15)
 Temple: D:4-7

Altars:

Annotations:
D:3 Blork the orc


Message History

There is a stone staircase leading down here.
You start resting.
HP restored.
Done exploring.
(D) Dungeon
Where to? (* - list waypoints, Enter - D:4, ? - help)
What level of the Dungeon? (default 1, ? - help)
You climb downwards.
Level annotation: Blork the orc Blork the orc gestures at you while chanting.
The puff of frost misses you.
There is a stone staircase leading up here.
You shoot an arrow.
The arrow hits Blork the orc but does no damage.
Blork the orc is lightly wounded.
You shoot an arrow. The arrow barely misses Blork the orc.
Blork the orc hits you with a +5 mace of protection.
2188 ||| STAIRDANCE Blork the orc closely misses you.
You climb upwards.
There is a stone staircase leading down here.
You shoot an arrow. The arrow hits Blork the orc.
Blork the orc is moderately wounded.
Blork the orc hits you with a +5 mace of protection.
Blork the orc hits you with a +5 mace of protection!
You shoot an arrow.
The arrow hits Blork the orc but does no damage.
Blork the orc is moderately wounded.
Blork the orc hits you with a +5 mace of protection.
You shoot an arrow. The arrow closely misses Blork the orc.
Blork the orc casts a cantrip, but nothing happens.
Blork the orc hits you with a +5 mace of protection.
You shoot an arrow. The arrow hits Blork the orc.
Blork the orc is heavily wounded.
Blork the orc hits you with a +5 mace of protection!
You shoot an arrow.
The arrow hits Blork the orc but does no damage.
Blork the orc is heavily wounded.
Blork the orc hits you with a +5 mace of protection.
You die...

###.#.#.#.##.....~~~....#
#.#.#.#.##......~~~...#
#.#.#.#.##..P..P...P..#
#.#...#)##.#########%##
#..#..#........# #.#
####.#..########.# #!#
#............###.# #.# #
#.#####.##.#...))# #.# #
#.# #.##@#..###### #.# #
#.# #.##o#..#:...# #.# #
#.# #.##.#..#.##.# #.# #
#.# #....#..#.##.# #.# #
#.# ######..#.##.# #.# #
#.##########..#.##.# #.# #
#.#..............#.# #.#
#######.#.##############.#
#.# ........#[#
#..........# #.#


You could see Blork the orc (fast).

Vanquished Creatures
  An orc priest (D:3)
  Jessica (D:2)
  Robin (D:3)
  2 adders (D:3)
  5 dart slugs
  9 orcs (D:3)
  5 endoplasms
  12 goblins
  8 hobgoblins
  7 jackals
  5 quokkas
  8 ball pythons
  2 bats (D:1)
  4 frilled lizards
  5 kobolds
  12 rats
87 creatures vanquished.

Notes
Turn   | Place    | Note
-------+----------+-------------------------------------------
     0 | D:1      | qw the Deep Elf Hunter began the quest for the Orb.
     0 | D:1      | Reached XP level 1. HP: 12/12 MP: 3/3
     0 | D:1      | 0 ||| qw: Version: 0.3-a-9-g12657ce
     0 | D:1      | 0 ||| qw: Game counter: 4546
     0 | D:1      | 0 ||| qw: Always use a shield: true
     0 | D:1      | 0 ||| qw: God list: Okawaru
     0 | D:1      | 0 ||| qw: Allow faded altars: false
     0 | D:1      | 0 ||| qw: Do Orc after D:15 true
     0 | D:1      | 0 ||| qw: Do second Lair branch before Depths: true
     0 | D:1      | 0 ||| qw: Lair rune preference: random
     0 | D:1      | 0 ||| qw: Plans: Normal
     0 | D:1      | 0 ||| PLANNING D:1-11
     2 | D:1      | Noticed a tengu
     2 | D:1      | Noticed an ogre
     4 | D:1      | Noticed a ghoul
     6 | D:1      | Noticed a felid
     6 | D:1      | Noticed an armataur
     8 | D:1      | Noticed a demigod
     8 | D:1      | Noticed a vampire
    10 | D:1      | Noticed a meteoran
    10 | D:1      | Noticed a draconian
    12 | D:1      | Noticed an elf
    12 | D:1      | Noticed a naga
    14 | D:1      | Noticed an octopode
    16 | D:1      | Noticed a gargoyle
    16 | D:1      | Noticed a troll
    18 | D:1      | Noticed a merfolk
    18 | D:1      | Noticed a formicid
    20 | D:1      | Noticed a vine stalker
    20 | D:1      | Noticed a minotaur
    22 | D:1      | Noticed a human
    22 | D:1      | Noticed a demonspawn
    24 | D:1      | Noticed a merfolk
    26 | D:1      | Noticed a spriggan
    26 | D:1      | Noticed a tengu
   115 | D:1      | You fall into a shaft and drop 1 floor!
   293 | D:2      | 293 ||| UPGRADING to +3 leather armour.
   303 | D:2      | 303 ||| DROPPING +0 leather armour.
   304 | D:2      | 304 ||| UPGRADING to amulet of regeneration.
   309 | D:2      | 309 ||| UPGRADING to ring of protection from fire.
   310 | D:2      | 310 ||| DRINKING 2 fizzy cyan potions.
   311 | D:2      | 311 ||| DROPPING scroll of butterflies.
   314 | D:2      | 314 ||| FLEEEEING.
   315 | D:2      | 315 ||| FLEEEEING.
   319 | D:2      | 319 ||| STAIRDANCE
   323 | D:1      | Reached skill level 6 in Ranged Weapons
   323 | D:1      | Reached XP level 2. HP: 16/16 MP: 4/4
   621 | D:1      | 621 ||| READING scroll labelled QYNNUMYKHA.
   653 | D:2      | Reached XP level 3. HP: 20/20 MP: 5/5
   661 | D:2      | 661 ||| STAIRDANCE
   761 | D:2      | 761 ||| FLEEEEING.
   762 | D:2      | 762 ||| FLEEEEING.
   763 | D:2      | 763 ||| FLEEEEING.
   764 | D:2      | 764 ||| FLEEEEING.
   767 | D:2      | Reached skill level 7 in Ranged Weapons
  1004 | D:2      | Noticed Jessica
  1008 | D:2      | Killed Jessica
  1009 | D:2      | Reached XP level 4. HP: 25/25 MP: 6/6
  1225 | D:2      | 1225 ||| FLEEEEING.
  1263 | D:2      | 1263 ||| READING scroll labelled PAFOD VUEN.
  1264 | D:2      | 1264 ||| READING scroll labelled QUSHEGI EDOARCH.
  1265 | D:2      | 1265 ||| READING 2 scrolls labelled JEAGEN DOTULIU.
  1266 | D:2      | 1266 ||| DRINKING 2 lumpy white potions.
  1298 | D:2      | 1298 ||| DROPPING potion of lignification.
  1431 | D:3      | Reached skill level 8 in Ranged Weapons
  1724 | D:3      | Noticed Robin
  1737 | D:3      | Killed Robin
  1745 | D:3      | HP: 6/25 [goblin/+0 club[Robin] (4)]
  1748 | D:3      | Reached XP level 5. HP: 9/29 MP: 7/7
  1916 | D:3      | HP: 6/29 [orc priest/divine providence (16)]
  2135 | D:3      | 2135 ||| UPGRADING to +0 helmet.
  2140 | D:3      | 2140 ||| DROPPING ring of flight.
  2141 | D:3      | 2141 ||| READING scroll labelled KOGEUG HOPRAI.
  2148 | D:3      | Reached skill level 9 in Ranged Weapons
  2148 | D:3      | 2148 ||| READING scroll labelled NYECHO ZEMMUA.
  2149 | D:3      | 2149 ||| READING scroll labelled BERULL ZYOPT.
  2150 | D:3      | 2150 ||| DRINKING 5 sedimented grey potions.
  2151 | D:3      | 2151 ||| DROPPING 4 potions of degeneration.
  2178 | D:4      | Noticed Blork the orc
  2181 | D:4      | 2181 ||| STAIRDANCE
  2188 | D:4      | 2188 ||| STAIRDANCE
  2193 | D:3      | HP: 1/29 [Blork the orc/+5 mace of protection (11)]
  2194 | D:3      | Slain by Blork the orc

Levels and vault maps discovered:
D:1:      kb_arrival_jail, layout_rooms
D:2:      layout_loops_ring, minivault_24, nicolae_underground_beach,
          uniq_jessica
D:3:      layout_basic, grunt_decor_junction, hangedman_decor_peaks_small,
          guppyfry_early_lair_pool, uniq_robin
D:4:      layout_rooms, nemelex_spade_bored_becter, temple_hall,
          grunt_tough_drop, uniq_blork_the_orc

Skill      XL: |  1  2  3  4  5 |
---------------+----------------+-----
Ranged Weapons | 6 7 8 9 |  9.0
Fighting       | |  1.5
Dodging        | |  2.4
Stealth        | |  1.2

Action                     |  1- 3 |  4- 6 || total
---------------------------+-------+-------++-------
   Fire: Shortbow          |    93 |   119 ||   212
    Use: Potion            |     1 |     2 ||     3
         Scroll            |     1 |     6 ||     7
 Armour: Leather armour    |    17 |    15 ||    32
  Dodge: Dodged            |    45 |    36 ||    81

Table legend:
 A = Non-vault XP
 B = Vault XP
 C = Vault XP percentage of total XP
 D = Non-vault monster count
 E = Vault monster count
 F = Vault count percentage of total count
                 A         B        C        D         E       F
            +---------+---------+-------+---------+---------+-------
      Total |     199 |      76 |  27.6 |      73 |      14 |  16.1
            +---------+---------+-------+---------+---------+-------
        D:1 |      37 |       0 |   0.0 |      22 |       0 |   0.0
        D:2 |      43 |      37 |  46.2 |      23 |       1 |   4.2
        D:3 |     119 |      39 |  24.7 |      28 |      13 |  31.7
            +---------+---------+-------+---------+---------+-------
